 Dungeon Crawl Stone Soup version 0.23.2-1-ga50397a (webtiles) character file.

Game seed: 6771003867327820949

70 dvd the Grave Robber (level 4, -4/30 HPs)
             Began as a Mummy Necromancer on May 2, 2019.
             Slain by Sigmund
             ... wielding a +0 scythe
              (11 damage)
             ... on level 3 of the Dungeon.
             The game lasted 00:04:52 (2123 turns).

dvd the Grave Robber (Mummy Necromancer)            Turns: 2123, Time: 00:04:53

Health: -4/30      AC:  4    Str: 12    XL:     4   Next: 3%
Magic:  1/9        EV: 12    Int: 14    God:
Gold:   111        SH:  0    Dex: 12    Spells: 6/10 levels left

rFire    x . .     SeeInvis .   g - +0 rapier
rCold    + . .     Gourm    .   (no shield)
rNeg     + + +     Faith    .   a - +0 robe
rPois    ∞         Spirit   .   (no helmet)
rElec    .         Reflect  .   (no cloak)
rCorr    .         Harm     .   c - +0 pair of gloves
MR       .....                  d - +0 pair of boots
Stlth    +.........             k - amulet of the acrobat
HPRegen  0.10/turn              (no ring)
MPRegen  0.11/turn              (no ring)

@: confused
A: no food or potions, fire vulnerability, cold resistance 1, negative energy
resistance 3, torment resistance, unbreathing
a: no special abilities


You were on level 3 of the Dungeon.
You were not hungry.

You visited 1 branch of the dungeon, and saw 3 of its levels.

You collected 111 gold pieces.

Inventory:

Hand Weapons
 g - a +0 rapier (weapon)
Armour
 a - a +0 robe (worn)
 c - a +0 pair of gloves (worn)
 d - a +0 pair of boots (worn)
 f - a +0 scale mail
Jewellery
 k - an amulet of the acrobat (around neck)
Wands
 e - a wand of flame (22)
Scrolls
 b - a scroll of remove curse
 h - a scroll of enchant weapon {unknown}
 i - 3 scrolls of noise {unknown}
 j - a scroll of identify {unknown}


   Skills:
 + Level 1.5 Dodging
 + Level 1.7 Stealth
 + Level 3.6 Spellcasting
 + Level 5.1 Necromancy


You had 6 spell levels left.
You knew the following spells:

 Your Spells              Type           Power        Failure   Level  Hunger
a - Pain                  Necr           ###.         2%          1    N/A
b - Vampiric Draining     Necr           ###.......   8%          3    N/A

Your spell library contained the following spells:

 Spells                   Type           Power        Failure   Level  Hunger
 Animate Skeleton         Necr           N/A          2%          1    N/A
 Animate Dead             Necr           N/A          24%         4    N/A
 Regeneration             Chrm/Necr      Unusable     N/A         3    N/A

Dungeon Overview and Level Annotations

Branches:
Dungeon (3/15)

Altars:
Fedhas

Annotations:
D:3 Sigmund


Innate Abilities, Weirdness & Mutations

You do not eat or drink.
Your flesh is vulnerable to fire.
You are immune to poison.
Your flesh is cold resistant. (rC+)
You are immune to negative energy. (rN+++)
You are immune to unholy pain and torment.
You can survive without breathing.


Message History

The puff of flame hits something.
You hear some strange, mumbled words.
A magic dart appears from out of thin air!
The magic dart hits you.
* * * LOW HITPOINT WARNING * * *
Unknown command.
Evoke which item? (* to show all) (? for menu, Esc to quit)
Aiming: Throw Flame
Press: ? - help, Shift-Dir - straight line The puff of flame hits something.
You hear some strange, mumbled words.
You are confused.
Unknown command.
Evoke which item? (* to show all) (? for menu, Esc to quit)
You're too confused!
Unknown command.
Unknown command.
Unknown command.
You completely miss something. Something hits you!
You die...

############
#...@.......
#.##......##########
#.#.......##<.......
#.#.......#.........
#.#.......##.#######
#.##......##.### #.
#......#....# #.
#.####.#..#.# #.#
#.#..#.#


There were no monsters in sight!

Vanquished Creatures
  2 adders (D:2)
  An ooze (D:2)
  A worm (D:2)
  2 dart slugs
  A leopard gecko (D:1)
  A bat (D:2)
  A giant cockroach (D:1)
  5 goblins
  2 hobgoblins (D:1)
  10 jackals
  5 frilled lizards
  A kobold (D:1)
  5 rats
37 creatures vanquished.

Notes
Turn   | Place    | Note
-------+----------+-------------------------------------------
     0 | D:1      | dvd the Mummy Necromancer began the quest for the Orb.
     0 | D:1      | Reached XP level 1. HP: 13/13 MP: 4/4
   358 | D:1      | Reached XP level 2. HP: 19/19 MP: 3/5
  1086 | D:2      | Reached XP level 3. HP: 24/24 MP: 3/7
  1590 | D:2      | Reached skill level 5 in Necromancy
  1628 | D:2      | Learned a level 3 spell: Vampiric Draining
  1776 | D:2      | Found a blossoming altar of Fedhas.
  2077 | D:3      | Reached XP level 4. HP: 30/30 MP: 5/9
  2105 | D:3      | Noticed Sigmund
  2123 | D:3      | Slain by Sigmund

Skill      XL: |  1  2  3 |
---------------+----------+-----
Spellcasting   | 3 |  3.6
Necromancy     | 5 |  5.1
Dodging        | |  1.5
Stealth        | |  1.7

Action                   |  1- 3 |  4- 6 || total
-------------------------+-------+-------++-------
Melee: Unarmed           |     1 |       ||     1
       Hand axe          |     1 |       ||     1
       Rapier            |    21 |     4 ||    25
 Cast: Pain              |    69 |     7 ||    76
       Vampiric Draining |       |     1 ||     1
Evoke: Wand              |       |     2 ||     2
  Use: Scroll            |     1 |       ||     1
 Stab: Sleeping          |     1 |     1 ||     2
Armor: Robe              |    13 |       ||    13
Dodge: Dodged            |    20 |     4 ||    24
